 Dungeon Crawl Stone Soup version 0.29.0-4-gdea44cf6ec (webtiles) character file.

Game seed: 9589382995686501072

184 qw the Chopper (level 5, -2/41 HPs)
             Began as a Formicid Cinder Acolyte on Sept 4, 2022.
             Was a High Priest of Ignis.
             Slain by Duvessa
             ... wielding a +0 rapier
              (11 damage)
             ... on level 4 of the Dungeon.
             The game lasted 00:01:04 (2821 turns).

qw the Chopper (Formicid Cinder Acolyte)            Turns: 2821, Time: 00:01:05

Health: -2/41      AC: 15    Str: 20    XL:     5   Next: 96%
Magic:  6/6        EV:  7    Int: 14    God:    Ignis [*****.]
Gold:   94         SH:  0    Dex:  9    Spells: 6/6 levels left

rFire   + . .      SeeInvis +   Y - +0 hand axe (flame)
rCold   + . .      Faith    .   (no shield)
rNeg    . . .      Spirit   .   m - +0 chain mail
rPois   .          Reflect  .   (helmet unavailable)
rElec   .          Harm     .   (no cloak)
rCorr   +          Rampage  .   (no gloves)
Will    .....                   (no boots)
Stlth   ..........              l - amulet of regeneration
HPRegen 0.93/turn               h - ring of protection from cold
MPRegen 0.10/turn               i - ring of resist corrosion

@: fiery-armoured
A: permanent stasis, dig shafts and tunnels, antennae 3, four strong arms
a: Dig, Shaft Self, Renounce Religion, Fiery Armour, Foxfire Swarm, Rising Flame


You were on level 4 of the Dungeon.
You worshipped Ignis.
Ignis was extremely pleased with you.
You visited 1 branch of the dungeon, and saw 4 of its levels.

You collected 94 gold pieces.


Innate Abilities, Weirdness & Mutations

You cannot be hasted, slowed, berserked, paralysed or teleported.
You can dig through walls and to a lower floor.
You have a pair of large antennae on your head. (SInv)
Your four strong arms can wield two-handed weapons with a shield.


   Skills:
 - Level 3.2 Fighting
 + Level 5.4 Axes
 - Level 2.1 Armour
 - Level 1.2 Dodging
 - Level 1.1 Spellcasting
 - Level 3.0 Fire Magic


You had 6 spell levels left.
You didn't know any spells.
Your spell library contained the following spells:

 Spells                   Type           Power      Damage    Failure   Level
 Scorch                   Fire           18%        2d6       77%         2

Inventory:

Hand Weapons
 Y - a +0 hand axe of flaming (weapon)
Armour
 c - a +0 pair of gloves
 m - a +0 chain mail (worn)
 n - an orb of light
Jewellery
 h - a ring of protection from cold (left hand)
 i - a ring of resist corrosion (right hand)
 l - an amulet of regeneration (around neck)
Scrolls
 f - a scroll of teleportation
 g - a scroll of identify
 o - a scroll of immolation {unknown}
Potions
 a - a potion of brilliance {unknown}
 b - a potion of degeneration {unknown}
 d - a potion of haste {unknown}
 e - a potion of invisibility {unknown}
 j - a potion of lignification {unknown}
 k - 2 potions of might
 p - a potion of cancellation {unknown}

Dungeon Overview and Level Annotations

Branches:
Dungeon (4/15)
 Temple: D:4-7

Altars:
Fedhas

Shops:
D:2 =

Annotations:
D:3 3 runed translucent doors, qw's ghost, amateur OgEn
D:4 Duvessa


Message History

You hit Dowan. You burn Dowan.
Dowan casts a spell.
Dowan blinks!
Duvessa hits you with a +0 rapier.
You hit Duvessa but do no damage.
Duvessa is lightly wounded.
Duvessa closely misses you.
You barely miss Duvessa.
Duvessa is lightly wounded.
Duvessa hits you with a +0 rapier!
Duvessa resists.
Duvessa is burned by your cloak of flames.
Duvessa is moderately wounded.
You hit Duvessa but do no damage.
Duvessa is moderately wounded.
Duvessa barely misses you.
You barely miss Duvessa.
Duvessa is moderately wounded.
You hit Dowan. You burn Dowan. Dowan hits you with a +0 dagger.
Dowan is burned by your cloak of flames.
Dowan is heavily wounded.
Duvessa hits you but does no damage.
You hit Dowan. You burn Dowan.
Dowan is heavily wounded.
You hit Duvessa. Dowan hits you but does no damage.
Dowan is burned by your cloak of flames.
Dowan is heavily wounded.
Duvessa hits you but does no damage.
Duvessa resists.
Duvessa is burned by your cloak of flames.
Duvessa is moderately wounded.
You slash Dowan! You burn Dowan.
You kill Dowan!
Duvessa weeps, and shakes her weapon.
Duvessa goes berserk!
You hit Duvessa but do no damage. Duvessa hits you with a +0 rapier! x2
Your Armour skill gained 2 levels and is now at level 2!
You hit Duvessa but do no damage.
Duvessa is moderately wounded.
Duvessa hits you with a +0 rapier!
You die...

##.#####..##........
#..#.##........#........
.....##..............#..
.........#.....#........
#.....#.##..............
#.....#........##.......
..#.##........###......#
......#................#
......#........)@.###..
.............###e%......
..#...........##........
..#..#...##.............
.....#..####............
........# ...(...~~~~~~
......... .. ....~#####
. .....~#


You could see Duvessa (berserk).

Vanquished Creatures
  Dowan (D:4)
  2 orc wizards (D:3)
  2 adders (D:2)
  A gnoll (D:2)
  2 worms (D:2)
  2 dart slugs (D:2)
  An orc (D:3)
  4 endoplasms
  2 giant cockroaches (D:2)
  3 goblins
  5 hobgoblins
  3 jackals (D:2)
  2 quokkas (D:1)
  4 ball pythons
  7 bats
  4 frilled lizards
  3 kobolds
  5 rats
53 creatures vanquished.

Notes
Turn   | Place    | Note
-------+----------+-------------------------------------------
     0 | D:1      | qw the Formicid Cinder Acolyte began the quest for the Orb.
     0 | D:1      | Reached XP level 1. HP: 18/18 MP: 2/2
     0 | D:1      | 0 ||| qw: Version: 0.1-a-103-gd6f5d3a
     0 | D:1      | 0 ||| qw: Game counter: 5482
     0 | D:1      | 0 ||| qw: Always use a shield: true
     0 | D:1      | 0 ||| qw: God list: Okawaru
     0 | D:1      | 0 ||| qw: Allow faded altars: false
     0 | D:1      | 0 ||| qw: Do Orc after D:15 true
     0 | D:1      | 0 ||| qw: Do second Lair branch before Depths: true
     0 | D:1      | 0 ||| qw: Lair rune preference: random
     0 | D:1      | 0 ||| qw: Plans: Normal
     0 | D:1      | 0 ||| PLANNING D:1-11
    29 | D:1      | 29 ||| Stepping ~*~*~tactically~*~*~ (stealth).
   158 | D:1      | 158 ||| INVOKING Fiery Armour.
   322 | D:1      | 322 ||| Stepping ~*~*~tactically~*~*~ (stealth).
   323 | D:1      | 323 ||| Stepping ~*~*~tactically~*~*~ (stealth).
   327 | D:1      | 327 ||| Stepping ~*~*~tactically~*~*~ (stealth).
   329 | D:1      | 329 ||| Stepping ~*~*~tactically~*~*~ (stealth).
   330 | D:1      | 330 ||| Stepping ~*~*~tactically~*~*~ (stealth).
   332 | D:1      | 332 ||| Stepping ~*~*~tactically~*~*~ (stealth).
   333 | D:1      | 333 ||| Stepping ~*~*~tactically~*~*~ (stealth).
   347 | D:1      | Reached XP level 2. HP: 24/24 MP: 3/3
   374 | D:1      | Found a faded altar of an unknown god.
   403 | D:1      | 403 ||| Stepping ~*~*~tactically~*~*~ (stealth).
   405 | D:1      | 405 ||| Stepping ~*~*~tactically~*~*~ (stealth).
   413 | D:1      | 413 ||| Stepping ~*~*~tactically~*~*~ (stealth).
   579 | D:1      | 579 ||| Stepping ~*~*~tactically~*~*~ (stealth).
   580 | D:1      | 580 ||| Stepping ~*~*~tactically~*~*~ (stealth).
   775 | D:1      | 775 ||| Stepping ~*~*~tactically~*~*~ (stealth).
   776 | D:1      | 776 ||| Stepping ~*~*~tactically~*~*~ (stealth).
   892 | D:1      | 892 ||| UPGRADING to ring of protection from cold.
   893 | D:1      | 893 ||| UPGRADING to ring of resist corrosion.
   894 | D:1      | 894 ||| READING scroll labelled NUBANI LECE.
   895 | D:1      | 895 ||| READING scroll labelled AZUNTO LYORPH.
   896 | D:1      | 896 ||| READING 2 scrolls labelled NIH JISIFACS.
   897 | D:1      | 897 ||| DRINKING 2 fuming cyan potions.
   979 | D:2      | 979 ||| Stepping ~*~*~tactically~*~*~ (stealth).
   997 | D:2      | Reached skill level 4 in Axes
   997 | D:2      | Reached XP level 3. HP: 23/29 MP: 4/4
  1237 | D:2      | Reached skill level 1 in Dodging
  1317 | D:2      | 1317 ||| Stepping ~*~*~tactically~*~*~ (hiding).
  1389 | D:2      | Found Itiutera's Jewellery Shop.
  1578 | D:2      | 1578 ||| SHOPLISTING +4 ring of evasion (468 gold, have
                  | 75).
  1578 | D:2      | 1578 ||| SHOPLISTING amulet of Elemental Vulnerability
                  | {rPois rF-- rC-- AC+8} (497 gold, have 75).
  1578 | D:2      | 1578 ||| SHOPLISTING ring "Fudup" {Wiz Contam rElec rPois
                  | Str+4} (663 gold, have 75).
  1578 | D:2      | 1578 ||| SHOPLISTING ring of positive energy (260 gold,
                  | have 75).
  1578 | D:2      | 1578 ||| SHOPLISTING ring of protection from cold (325
                  | gold, have 75).
  1578 | D:2      | 1578 ||| SHOPLISTING ring of willpower (325 gold, have 75).
  1580 | D:2      | Found a blossoming altar of Fedhas.
  1584 | D:2      | 1584 ||| Stepping ~*~*~tactically~*~*~ (stealth).
  1585 | D:2      | 1585 ||| INVOKING Fiery Armour.
  1588 | D:2      | Reached XP level 4. HP: 16/35 MP: 5/5
  1599 | D:2      | 1599 ||| FLEEEEING.
  1600 | D:2      | 1600 ||| FLEEEEING.
  1601 | D:2      | 1601 ||| FLEEEEING.
  1602 | D:2      | 1602 ||| FLEEEEING.
  1603 | D:2      | 1603 ||| FLEEEEING.
  1609 | D:2      | 1609 ||| FLEEEEING.
  1626 | D:2      | 1626 ||| FLEEEEING.
  1634 | D:2      | 1634 ||| STAIRDANCE
  1764 | D:1      | 1764 ||| UPGRADING to +0 leather armour.
  1774 | D:1      | 1774 ||| DROPPING +0 robe.
  1775 | D:1      | 1775 ||| UPGRADING to amulet of regeneration.
  1780 | D:1      | 1780 ||| DRINKING 2 bubbling golden potions.
  2064 | D:2      | 2064 ||| READING scroll labelled PAEDOUR CYUNT.
  2065 | D:2      | 2065 ||| READING scroll labelled AHA LUGGEF.
  2066 | D:2      | 2066 ||| READING scroll labelled JORGHY MOUN.
  2067 | D:2      | 2067 ||| DRINKING 3 puce potions.
  2068 | D:2      | 2068 ||| DRINKING 2 fizzy white potions.
  2069 | D:2      | 2069 ||| DROPPING 2 potions of attraction.
  2070 | D:2      | 2070 ||| DROPPING potion of flight.
  2179 | D:3      | 2179 ||| DRINKING 2 potions of curing.
  2179 | D:3      | 2179 ||| (to cure confusion)
  2182 | D:3      | 2182 ||| DRINKING potion of curing.
  2182 | D:3      | 2182 ||| (to cure confusion)
  2185 | D:3      | Reached skill level 5 in Axes
  2185 | D:3      | Reached XP level 5. HP: 41/41 MP: 6/6
  2246 | D:3      | Found a runed translucent gate.
  2246 | D:3      | Found a runed translucent gate.
  2246 | D:3      | Found a runed translucent gate.
  2247 | D:3      | Noticed qw's ghost (amateur OgEn)
  2700 | D:3      | 2700 ||| UPGRADING to +0 chain mail.
  2710 | D:3      | 2710 ||| DROPPING +0 leather armour.
  2803 | D:4      | Noticed Duvessa
  2807 | D:4      | Noticed Dowan
  2808 | D:4      | 2808 ||| INVOKING Fiery Armour.
  2820 | D:4      | Killed Dowan
  2820 | D:4      | HP: 8/41 [Duvessa/+0 rapier (7)]
  2821 | D:4      | Slain by Duvessa

Levels and vault maps discovered:
D:1:      dpeg_arrival_windows_large_door, layout_rooms, basic_ecumenical_altar,
          hangedman_abyss_or_decor_stabs, corexii_item_surrounded_by_moat
D:2:      layout_basic, serial_shops, shop, basic_altar, minmay_circled_x
D:3:      layout_loops_ring, ebering_ghost_rock_garden
D:4:      layout_cave_pools, nicolae_overflow_two_pavilions, uniq_grinder,
          uniq_duvessa

Skill      XL: |  1  2  3  4  5 |
---------------+----------------+-----
Axes           | 4 5 |  5.4
Dodging        | 1 |  1.2
Armour         | 2 |  2.1
Fighting       | |  3.2
Spellcasting   | |  1.1
Fire Magic     | |  3.0

Action                   |  1- 3 |  4- 6 || total
-------------------------+-------+-------++-------
Melee: Hand axe          |    84 |    90 ||   174
       Punch             |     1 |     1 ||     2
Invok: Fiery Armour      |     2 |     1 ||     3
  Use: Scroll            |     3 |     3 ||     6
       Potion            |     1 |     5 ||     6
Armor: Robe              |    29 |     6 ||    35
       Leather armour    |       |    25 ||    25
       Chain mail        |       |     7 ||     7
Dodge: Dodged            |    40 |    34 ||    74

Table legend:
 A = Non-vault XP
 B = Vault XP
 C = Vault XP percentage of total XP
 D = Non-vault monster count
 E = Vault monster count
 F = Vault count percentage of total count
                 A         B        C        D         E       F
            +---------+---------+-------+---------+---------+-------
      Total |     177 |      87 |  33.0 |      48 |       5 |   9.4
            +---------+---------+-------+---------+---------+-------
        D:1 |      23 |       0 |   0.0 |      15 |       0 |   0.0
        D:2 |      68 |      18 |  20.9 |      21 |       4 |  16.0
        D:3 |      83 |       0 |   0.0 |      10 |       0 |   0.0
        D:4 |       3 |      69 |  95.8 |       2 |       1 |  33.3
            +---------+---------+-------+---------+---------+-------
